 Dungeon Crawl Stone Soup version 0.27.1-33-g824d729ab1 (webtiles) character file.

Game seed: 10640864431084601349

1557 demibob the Cleaver (level 8, -9/62 HPs)
             Began as a Hill Orc Gladiator on Dec 9, 2021.
             Was a Follower of Kikubaaqudgha.
             Mangled by a white ugly thing (28 damage)
             ... on level 7 of the Dungeon.
             The game lasted 00:07:18 (6346 turns).

demibob the Cleaver (Hill Orc Gladiator)            Turns: 6346, Time: 00:07:19

Health: -9/62      AC: 11    Str: 19    XL:     8   Next: 88%
Magic:  8/8        EV:  8    Int:  8    God:    Kikubaaqudgha [*.....]
Gold:   1255       SH:  0    Dex: 18    Spells: 7/7 levels left

rFire    . . .     SeeInvis .   a - +4 war axe (flame)
rCold    . . .     Faith    .   (no shield)
rNeg     . . .     Spirit   .   i - +0 chain mail
rPois    .         Reflect  .   c - +0 helmet
rElec    .         Harm     .   (no cloak)
rCorr    .         Rampage  .   (no gloves)
Will     .....                  (no boots)
Stlth    ..........             (no amulet)
HPRegen  0.20/turn              D - +6 ring of dexterity
MPRegen  0.11/turn              L - ring of flight

@: about to teleport, flying
A: no striking features
a: Renounce Religion, Receive Corpses


You were on level 7 of the Dungeon.
You worshipped Kikubaaqudgha.
Kikubaaqudgha was aware of your devotion.
You visited 2 branches of the dungeon, and saw 8 of its levels.

You collected 1587 gold pieces.
You spent 332 gold pieces at shops.


   Skills:
 - Level 2.4 Fighting
 * Level 11.9 Axes
 - Level 1.7 Throwing
 - Level 6.2 Armour
 - Level 2.4 Dodging
 + Level 1.9 Necromancy


You had 7 spell levels left.
You didn't know any spells.
Your spell library contained the following spells:

 Spells                   Type           Power      Damage    Failure   Level
 Animate Skeleton         Necr           6%         N/A       88%         1
 Pain                     Necr           12%        1d4       88%         1
 Sublimation of Blood     Necr           1%         N/A       96%         2
 Foxfire                  Conj/Fire      0%         2x1d4     99%         1
 Summon Small Mammal      Summ           0%         N/A       99%         1
 Slow                     Hex            0%         N/A       99%         2
 Vampiric Draining        Necr           1%         2d6       99%         3
 Call Canine Familiar     Summ           0%         N/A       100%        3
 Confusing Touch          Hex            0%         N/A       100%        3
 Conjure Flame            Conj/Fire      0%         6-21      100%        3
 Inner Flame              Hex/Fire       0%         N/A       100%        3
 Summon Guardian Golem    Hex/Summ       0%         N/A       100%        3

Inventory:

Hand Weapons
 a - a +4 war axe of flaming (weapon)
 b - a +1 vorpal battleaxe
Missiles
 d - a throwing net {=f}
 e - 21 poisoned darts (quivered)
Armour
 c - a +0 helmet (worn)
 i - a +0 chain mail (worn)
Jewellery
 D - a +6 ring of dexterity (left hand)
 L - a ring of flight (right hand)
Wands
 n - a wand of paralysis (12)
Scrolls
 f - 4 scrolls of vulnerability
Potions
 g - a potion of degeneration {unknown}
 h - 2 potions of lignification {unknown}
 j - a potion of flight
 k - a potion of magic
 l - a potion of curing {unknown}
 m - a potion of heal wounds {@q2}

Dungeon Overview and Level Annotations

Branches:
Dungeon (7/15)             Temple (1/1) D:4

Altars:
Ashenzari
Cheibriados
Elyvilon
Fedhas
Gozag
Hepliaklqana
Kikubaaqudgha
Nemelex Xobeh
Okawaru
Qazlal
Ru
Sif Muna
Trog
Vehumet
Wu Jian
Xom
Yredelemnul
Zin

Shops:
D:4 ( D:5

( ####### ###.....####
##..........###
###.............##
##................# ...
................@.# #...
...............nu.# ..n..
...............Z..# u....
#..(.............## ......
##...............####......
##.................u...)..
##.........................
##..............####.......
.#.............# .......


You could see a white ugly thing, a necrophage and a howler monkey skeleton.


Message History

The white ugly thing gurgles horribly!
There are monsters nearby!
Unknown command.
You slash the white ugly thing! You burn the white ugly thing.
The white ugly thing is moderately wounded.
The white ugly thing tentacle-slaps you but does no damage.
You closely miss the white ugly thing.
The white ugly thing is moderately wounded.
The white ugly thing misses you.
You barely miss the white ugly thing.
The white ugly thing is moderately wounded.
You completely miss the white ugly thing.
The white ugly thing is moderately wounded.
You barely miss the necrophage.
The white ugly thing tentacle-slaps you.
The white ugly thing freezes you!!
Ouch! That really hurt!
* * * LOW HITPOINT WARNING * * *
The necrophage barely misses you.
Okay, then.
The necrophage barely misses you. The white ugly thing barely misses you.
As you read the scroll of teleportation {@r2}, it crumbles to dust.
You feel strangely unstable.
The necrophage hits you but does no damage.
The white ugly thing tentacle-slaps you.
* * * LOW HITPOINT WARNING * * *
The white ugly thing freezes you!!
You die...
Kikubaaqudgha rasps: "You have failed me!
Welcome... death!"

Skill      XL: |  1  2  3  4  5  6  7  8 |
---------------+-------------------------+-----
Armour         | 1 2 3 4 5 6 |  6.2
Axes           | 5 6 7 8 10 11 | 11.9
Necromancy     | 1 |  1.9
Fighting       | |  2.4
Throwing       | |  1.7
Dodging        | |  2.4

Action                   |  1- 3 |  4- 6 |  7- 9 || total
-------------------------+-------+-------+-------++-------
Melee: War axe           |    93 |   168 |   118 ||   379
Throw: Throwing net      |       |     1 |     2 ||     3
       Dart              |       |       |     5 ||     5
  Use: Scroll            |       |     6 |     3 ||     9
       Potion            |       |       |     1 ||     1
Armor: Leather armour    |    11 |       |       ||    11
       Chain mail        |    26 |    89 |    50 ||   165
Dodge: Dodged            |    60 |    68 |    54 ||   182

Levels and vault maps discovered:
D:1:      tarquinn_simple_flora_water_f, layout_basic,
          shapermc_ecumenical_altar_ellora
D:2:      layout_loops_ring, uniq_jessica
D:3:      layout_loops_cross, grunt_decor_one_mirror
D:4:      layout_rooms, minmay_temple_entry_overgrown, serial_shops,
          nicolae_shop_stone, minmay_ruptured
D:5:      layout_rooms, serial_shops, shop, uniq_menkaure
D:6:      layout_rooms, corexii_checkpoint_b, minivault_1, grunt_ministairs_11,
          minivault_19
D:7:      layout_cave_pods, gammafunk_ghost_gnarly_gnolls
Temple:   grunt_wide_crystal_templ

Notes
Turn   | Place    | Note
-------+----------+-------------------------------------------
     0 | D:1      | demibob the Hill Orc Gladiator began the quest for the Orb.
     0 | D:1      | Reached XP level 1. HP: 18/18 MP: 1/1
   180 | D:1      | Reached XP level 2. HP: 25/25 MP: 2/2
   390 | D:1      | Reached skill level 1 in Armour
   735 | D:1      | Found a faded altar of an unknown god.
   783 | D:1      | Reached skill level 5 in Axes
   793 | D:1      | Reached XP level 3. HP: 30/30 MP: 3/3
  1490 | D:2      | Noticed Jessica
  1497 | D:2      | Killed Jessica
  1498 | D:2      | Reached skill level 2 in Armour
  1498 | D:2      | Reached XP level 4. HP: 37/37 MP: 4/4
  1533 | D:2      | Reached skill level 6 in Axes
  2483 | D:3      | Reached XP level 5. HP: 42/42 MP: 5/5
  2791 | D:3      | Reached skill level 7 in Axes
  2791 | D:3      | Reached skill level 3 in Armour
  3263 | D:4      | Reached XP level 6. HP: 39/50 MP: 6/6
  3425 | D:4      | Found Woed's Antique Weapon Shoppe.
  3453 | D:4      | Bought a glowing war axe for 123 gold pieces
  3644 | D:4      | Reached skill level 8 in Axes
  3729 | D:4      | Found a staircase to the Ecumenical Temple.
  3742 | Temple   | Entered the Ecumenical Temple
  3776 | Temple   | Became a worshipper of Kikubaaqudgha
  3901 | D:4      | Reached skill level 4 in Armour
  4091 | D:5      | Entered Level 5 of the Dungeon
  4122 | D:5      | Reached XP level 7. HP: 20/56 MP: 7/7
  4125 | D:5      | Reached skill level 9 in Axes
  4462 | D:5      | Noticed Menkaure
  4477 | D:5      | Killed Menkaure
  4478 | D:5      | Reached skill level 10 in Axes
  4478 | D:5      | Reached skill level 5 in Armour
  4587 | D:5      | Reached XP level 8. HP: 44/62 MP: 8/8
  4665 | D:5      | Reached * piety under Kikubaaqudgha
  4665 | D:5      | Received a gift from Kikubaaqudgha
  5065 | D:5      | Found Neheofivy's Antique Weapon Shoppe.
  5366 | D:5      | Identified a scroll of acquirement
  5366 | D:5      | Acquired 1237 gold pieces
  5390 | D:5      | Bought a glowing battleaxe for 209 gold pieces
  5496 | D:6      | Reached skill level 11 in Axes
  5573 | D:6      | Reached skill level 6 in Armour
  5828 | D:6      | Reached skill level 1 in Necromancy
  6206 | D:7      | Noticed a wyvern
  6211 | D:7      | Killed a wyvern
  6332 | D:7      | Noticed a white ugly thing
  6346 | D:7      | Mangled by a white ugly thing

Vanquished Creatures
  A wyvern (D:7)
  Menkaure (D:5)
  An ice beast (D:5)
  A necrophage (D:6)
  An ogre (D:5)
  2 centaurs
  A phantom (D:4)
  3 scorpions
  A howler monkey (D:5)
  A jelly (D:5)
  2 bullfrog skeletons (D:5)
  Jessica (D:2)
  3 iguanas
  2 orc wizards
  2 howler monkey zombies
  8 gnolls
  13 adders
  3 white imps (D:6)
  An ufetubus (D:6)
  2 adder skeletons (D:4)
  3 worms
  2 dart slugs (D:1)
  8 orcs
  8 endoplasms
  A giant cockroach (D:2)
  9 goblins
  9 hobgoblins
  9 kobolds
  4 quokkas
  10 ball pythons
  5 bats
  3 frilled lizards
  4 rats
125 creatures vanquished.

Vanquished Creatures (others)
  3 plants (D:4)
3 creatures vanquished.

Grand Total: 128 creatures vanquished

Table legend: (Time is in decaauts)
 A = Elapsed time spent in this place.
 B = Non-inter-level travel time spent in this place.
 C = Inter-level travel time spent in this place.
 D = Time resting spent in this place.
 E = Time spent auto-exploring this place.
 F = Levels seen in this place.
 G = Mean time per level.
                   A        B        C        D        E       F      G
               +--------+--------+--------+--------+--------+-----+--------+
         Total |   6389 |   6250 |    139 |    867 |   4410 |   8 |  798.6 |
       Dungeon |   6343 |   6210 |    133 |    867 |   4388 |   7 |  906.1 |
        Temple |     45 |     39 |      6 |      0 |     22 |   1 |   45.0 |
               +--------+--------+--------+--------+--------+-----+--------+

Top non-repeatable levels by time:
     D:5: 1300 daAuts
     D:1: 1216 daAuts
     D:2: 1093 daAuts
     D:4: 1040 daAuts
     D:6: 749 daAuts
     D:3: 742 daAuts
     D:7: 201 daAuts
  Temple: 45 daAuts

Table legend:
 A = Non-vault XP
 B = Vault XP
 C = Vault XP percentage of total XP
 D = Non-vault monster count
 E = Vault monster count
 F = Vault count percentage of total count
                 A         B        C        D         E       F
            +---------+---------+-------+---------+---------+-------
      Total |    1960 |     265 |  11.9 |     117 |       8 |   6.4
            +---------+---------+-------+---------+---------+-------
        D:1 |      39 |       0 |   0.0 |      21 |       0 |   0.0
        D:2 |      71 |      37 |  34.3 |      21 |       1 |   4.5
        D:3 |     111 |       0 |   0.0 |      22 |       0 |   0.0
        D:4 |     304 |       4 |   1.3 |      19 |       2 |   9.5
        D:5 |     884 |     172 |  16.3 |      22 |       1 |   4.3
        D:6 |     343 |      52 |  13.2 |      10 |       4 |  28.6
        D:7 |     208 |       0 |   0.0 |       2 |       0 |   0.0
            +---------+---------+-------+---------+---------+-------
